 Dungeon Crawl Stone Soup version 0.31.0-11-ge490571c62 (webtiles) character file.

Game seed: 5554007439409037691

152 monsoonserge the Magician (level 5, 28/28 HPs)
             Began as a Tengu Hedge Wizard on Feb 4, 2024.
             Quit the game on level 3 of the Dungeon.
             The game lasted 00:11:27 (3176 turns).

monsoonserge the Magician (Tengu Hedge Wizard)      Turns: 3176, Time: 00:11:28

Health: 28/28      AC:  3    Str:  7 (10) XL:     5   Next: 34%
Magic:  11/11      EV: 12    Int: 13 (16) God:
Gold:   193        SH:  0    Dex: 14      Spells: 3/11 levels left

rFire   . . .        j - +0 dagger (protect)
rCold   . . .        (no shield)
rNeg    . . .        p - +0 leather armour
rPois   .            c - +0 hat
rElec   .            (no cloak)
rCorr   .            (no gloves)
SInv    .            (boots unavailable)
Will    .....        (no amulet)
Stlth   ++           k - ring of wizardry
HPRegen 0.24/turn    (no ring)
MPRegen 0.12/turn

%: acrobat, wizardry (x1)
@: no status effects
A: beak, talons 3, acrobatic, inability to drink after injury 1, devolution 1
a: no special abilities


You were on level 3 of the Dungeon.
You visited 1 branch of the dungeon, and saw 3 of its levels.

You collected 193 gold pieces.

Inventory:

Hand Weapons
 j - a +0 dagger of protection (weapon)
 o - a +0 short sword
Armour
 a - a +0 ring mail
 b - a +0 robe
 c - a +0 hat (worn)
 p - a +0 leather armour (worn)
Magical Staves
 m - a staff of death
Jewellery
 k - a ring of wizardry (left hand)
Scrolls
 e - 2 scrolls of amnesia {unknown}
 f - 2 scrolls of identify {unknown}
 g - a scroll of summoning {unknown}
 i - a scroll of teleportation {unknown}
 l - a scroll of noise {unknown}
 n - a scroll of fear {unknown}
Potions
 d - a potion of magic
 h - a potion of resistance {unknown}


   Skills:
 + Level 0.1 Fighting
 + Level 1.2 Long Blades
 * Level 0.2 Armour
 + Level 3.0 Dodging
 - Level 2.0 Stealth
 * Level 3.6 Spellcasting
 + Level 3.4 Conjurations
 * Level 2.7 Summonings
 * Level 1.0 Translocations
 * Level 1.0 Air Magic
 * Level 0.2 Alchemy


You had 3 spell levels left.
You knew the following spells:

 Your Spells              Type           Power      Damage    Failure   Level
a - Magic Dart            Conj           44%        1d5       3%          1
b - Call Imp              Summ           18%        N/A       6%          2
c - Blink                 Tloc           10%        N/A       12%         2
d - Mephitic Cloud        Conj/Alch/Air  6%         N/A       21%         3

Your spell library contained the following spells:

 Spells                   Type           Power      Damage    Failure   Level
 Sandblast                Erth           4%         2d4       13%         1
 Slow                     Hex            8%         N/A       13%         1
 Cigotuvi's Dreadful Rot  Necr/Alch/Air  6%         N/A       16%         2
 Stone Arrow              Conj/Erth      12%        3d7       19%         3
 Passwall                 Erth           2%         N/A       34%         3
 Brom's Barrelling Bould  Conj/Erth      6%         2d3       50%         4
 Fulminant Prism          Conj/Alch      3%         3d5       50%         4
 Cause Fear               Hex            1%         N/A       75%         4
 Fireball                 Conj/Fire      3%         3d4       83%         5
 Spellforged Servitor     Conj/Summ      5%         N/A       100%        7
 Chain Lightning          Conj/Air       4%         3d5       100%        9
 Dragon's Call            Summ           4%         N/A       100%        9


Dungeon Overview and Level Annotations

Branches:
Dungeon (3/15)

Altars:

Annotations:
D:3 3 runed translucent doors, Aneyh's ghost, amateur TeMo


Innate Abilities, Weirdness & Mutations

You have a beak for a mouth.
You have claws for feet.
You can magically evade attacks while moving or waiting.
You occasionally lose the ability to drink potions when taking damage.
You have hidden genetic defects.


Message History

The dart slug is severely wounded.
The dart slug bites you but does no damage.
Unknown command.
Casting: Magic Dart (safe; 8% risk of failure)
Confirm with . or Enter, or press ? or * to list all spells.
Aiming: Magic Dart (safe; 8% risk of failure)
Press: ? - help, Shift-Dir - straight line, f/p - dart slug
Aim: a dart slug (severely wounded, 100% to hit)
The magic dart hits the dart slug.
The dart slug is severely wounded.
The dart slug bites you but does no damage.
Unknown command.
Casting: Magic Dart (safe; 8% risk of failure)
Confirm with . or Enter, or press ? or * to list all spells.
Aiming: Magic Dart (safe; 8% risk of failure)
Press: ? - help, Shift-Dir - straight line, f/p - dart slug
Aim: a dart slug (severely wounded, 100% to hit)
The magic dart hits the dart slug.
The dart slug is almost dead.
Unknown command.
Casting: Magic Dart (safe; 8% risk of failure)
Confirm with . or Enter, or press ? or * to list all spells.
Aiming: Magic Dart (safe; 8% risk of failure)
Press: ? - help, Shift-Dir - straight line, f/p - dart slug
Aim: a dart slug (almost dead, 100% to hit)
The magic dart hits the dart slug.
You kill the dart slug!
k - a ring of wizardry
k - a ring of wizardry (left hand) Aneyh's ghost turns its malevolent gaze towards you.
The frilled lizard hisses angrily.
The endoplasm quivers.
e - 2 scrolls labelled PUAGATH LELY (gained 1)
The ball python hisses angrily.
The adder hisses angrily. 2 jackals come into view.
A jackal comes into view.
The jackal barks! x3
You closely miss the jackal. You claw the jackal!
You kill the jackal!
Are you sure you want to abandon this character and quit the game? (Confirm with "yes".)

#####.# ##.#...###.#
#.# #.......##.# #.#
#.......##.# #.#
#.......##.# # #.#
#.....P.##.# #####.#
###########....PP~##.#
......#
##............##PPP.#.#
##.####
#.............##~P~.#.#
#....#
#......@hh....#..~..#.#
####.#
#..###+++###....###.#.#
#.## #..#.SJlS..#....#
.#.#
#..###..#.W...!.#....#
#.#
##.##...#..#.#..#....#
#.#
#......#.#...#.#....#
#.#
##.##..#..#.#..#..#.#
#.#
#......#...)$..#..#.#
#.#.##
#......#.......#..#.#
#.#...


You could see Aneyh's ghost, an adder, an endoplasm, 2 jackals, a ball python
and a frilled lizard.

Vanquished Creatures
  An orc priest (D:3)
  2 adders (D:2)
  2 dart slugs (D:3)
  A ribbon worm (D:3)
  An orc (D:3)
  7 bats
  5 endoplasms
  A giant cockroach (D:2)
  5 hobgoblins
  4 jackals
  2 quokkas
  8 ball pythons
  5 frilled lizards
  6 goblins
  2 kobolds (D:3)
  3 rats (D:2)
55 creatures vanquished.

Vanquished Creatures (collateral kills)
  An orc wizard (D:3)
  An adder (D:2)
  2 orcs (D:3)
  A jackal (D:1)
5 creatures vanquished.

Grand Total: 60 creatures vanquished

Notes
Turn   | Place    | Note
-------+----------+-------------------------------------------
     0 | D:1      | monsoonserge the Tengu Hedge Wizard began the quest for the
                  | Orb.
     0 | D:1      | Reached XP level 1. HP: 10/10 MP: 5/5
   396 | D:1      | Reached XP level 2. HP: 13/15 MP: 1/7
   460 | D:1      | Learned a level 2 spell: Call Imp
   463 | D:1      | Learned a level 2 spell: Blink
  1234 | D:1      | Reached XP level 3. HP: 19/19 MP: 8/8
  1289 | D:2      | Reached skill level 1 in Long Blades
  1302 | D:2      | Got the Discursus on the Impact
  1490 | D:2      | Gained mutation: Your body sometimes deteriorates upon
                  | taking damage. [potion of mutation]
  1490 | D:2      | Gained mutation: You have a somewhat thin skeletal
                  | structure. (Dex +2, Stealth+) [potion of mutation]
  1490 | D:2      | Gained mutation: You have an increased reservoir of magic.
                  | (+10% MP) [potion of mutation]
  1863 | D:2      | Reached XP level 4. HP: 17/24 MP: 4/10
  1896 | D:2      | Learned a level 3 spell: Mephitic Cloud
  2471 | D:3      | Reached XP level 5. HP: 28/28 MP: 9/12
  2662 | D:3      | Found a runed translucent gate.
  2662 | D:3      | Found a runed translucent gate.
  2662 | D:3      | Found a runed translucent gate.
  2663 | D:3      | Noticed Aneyh's ghost (amateur TeMo)
  2755 | D:3      | Found a faded altar of an unknown god.
  2817 | D:3      | Reached skill level 1 in Air Magic
  2822 | D:3      | Reached skill level 1 in Translocations
  2906 | D:3      | Lost mutation: You have a somewhat thin skeletal structure.
                  | (Dex +2, Stealth+) [potion of mutation]
  2906 | D:3      | Lost mutation: Your body sometimes deteriorates upon taking
                  | damage. [potion of mutation]
  2906 | D:3      | Lost mutation: You have an increased reservoir of magic.
                  | (+10% MP) [potion of mutation]
  2906 | D:3      | Gained mutation: You have hidden genetic defects. [potion
                  | of mutation]
  2906 | D:3      | Gained mutation: You occasionally lose the ability to drink
                  | potions when taking damage. [potion of mutation]
  3176 | D:3      | Quit the game

Illustrated notes

Levels and vault maps discovered:
D:1:      minmay_arrival_four_houses, layout_basic
D:2:      layout_loops_ring, kennysheep_nondescript,
          nicolae_kite_square_tiling_tiny
D:3:      layout_basic, gammafunk_ghost_split,
          ebering_ecumenical_altar_sacrificial, serial_bayou,
          serial_bayou_pond_e, serial_bayou_pond_c, serial_bayou_pond_e,
          serial_bayou_ford_a

Skill      XL: |  1  2  3  4  5 |
---------------+----------------+-----
Conjurations   | 2 3 |  3.4
Summonings     | 2 |  2.7
Long Blades    | 1 |  1.2
Dodging        | 3 |  3.0
Air Magic      | 1 |  1.0
Translocations | 1 |  1.0
Fighting       | |  0.1
Armour         | |  0.2
Stealth        | |  2.0
Spellcasting   | |  3.6
Alchemy        | |  0.2

Action                     |  1- 3 |  4- 6 || total
---------------------------+-------+-------++-------
  Melee: Dagger            |    10 |    24 ||    34
         Falchion          |    30 |       ||    30
         Kick              |     5 |     7 ||    12
         Peck              |     4 |     4 ||     8
   Cast: Magic Dart        |    69 |    42 ||   111
         Call Imp          |     3 |     4 ||     7
    Use: Potion            |     3 |     1 ||     4
   Stab: Sleeping          |     3 |     2 ||     5
 Armour: Robe              |    36 |    19 ||    55
         Leather armour    |       |     3 ||     3
  Dodge: Dodged            |    44 |    26 ||    70
